AoeStats
← Carple

MegaRandom

505775558Analyzed
1v1 RM · 22d ago on Sep 11, 2026· 41m 15s· 2 players
Game mode
Random Map
Map size
Tiny (2 player)
Population
200
Speed
Normal
Resources
Standard
Victory
Conquest
Starting age
Dark Age
Ending age
Imperial Age
RankedLock teamsTeams togetherTeam positionsShared explorationLock speedFull tech treeHidden civsTurbo modeCheats
Victory
Defeat
🇺🇸 Berbers · United States
1263
+16
🇨🇦 Spanish · Canada
1271
-16
rururemon
10:28 Feudal Age
9:37 Loom
14:30 Castle Age
12:50 Double-Bit Axe
14:26 Fletching
19:19 Bodkin Arrow
22:51 Padded Archer Armor
24:41 Bow Saw
24:19 Horse Collar
25:51 Fervor
26:24 Wheelbarrow
28:09 Leather Archer Armor
28:14 Husbandry
28:25 Bloodlines
30:13 Ballistics
30:00 Gold Mining
30:00 Stone Mining
36:18 Imperial Age
34:19 Heavy Plow
35:07 Scale Barding Armor
35:14 Forging
34:36 Light Cavalry
37:06 Bracer
36:51 Hussar
39:11 Chemistry
38:20 Town Watch
39:05 Conscription
39:12 Chain Barding Armor
40:17 Hand Cart
Carple
4:44 Loom
10:53 Feudal Age
17:13 Castle Age
15:42 Double-Bit Axe
15:48 Horse Collar
18:38 Husbandry
18:49 Bloodlines
20:27 Padded Archer Armor
20:43 Fletching
28:31 Leather Archer Armor
30:03 Elite Skirmisher
33:53 Ballistics
34:24 Town Watch
35:08 Heavy Plow
35:31 Bow Saw
42:06 Imperial Age
40:54 Squires
Connection lost

Rejoining the realm…

Still unreachable

The connection could not be restored.

Session expired

The server has moved on; the page needs a fresh start.